 Dungeon Crawl Stone Soup version 0.32-a0-616-g9348d4545b (webtiles) character file.

Game seed: 12416689951071097417

92 javelincjr the Grasshopper (level 4, -2/34 HPs)
             Began as a Demonspawn Warper on Mar 4, 2024.
             Slain by Terence
             ... wielding a +3 mace
              (4 damage)
             ... on level 3 of the Dungeon on Mar 5, 2024.
             The game lasted 00:07:57 (1739 turns).

javelincjr the Grasshopper (Demonspawn Warper)      Turns: 1739, Time: 00:07:58

Health: -2/34      AC:  6    Str: 19    XL:     4   Next: 35%
Magic:  2/7        EV: 12    Int: 14    God:
Gold:   56         SH:  0    Dex: 12    Spells: 3/7 levels left

rFire   . . .        a - +0 spear
rCold   . . .        (no shield)
rNeg    . . .        h - +2 leather armour {Will+}
rPois   .            (no helmet)
rElec   .            (no cloak)
rCorr   .            g - +0 pair of gloves
SInv    .            (no boots)
Will    +....        (no amulet)
Stlth   +            e - +6 ring of strength
HPRegen 0.25/turn    (no ring)
MPRegen 0.10/turn

%: no passive effects
@: on blink cooldown
A: hooves 1, ignite blood 1, demonic magic 1
a: no special abilities


You were on level 3 of the Dungeon.
You visited 1 branch of the dungeon, and saw 3 of its levels.

You collected 132 gold pieces.
You spent 76 gold pieces at shops.

Inventory:

Hand Weapons
 a - a +0 spear (weapon)
Missiles
 d - 6 darts of dispersal (quivered)
Armour
 g - a +0 pair of gloves (worn)
 h - a +2 leather armour of willpower (worn)
Jewellery
 e - a +6 ring of strength (left hand)
Talismans
 s - a dragon-blood talisman
Scrolls
 b - 5 scrolls of identify {unknown}
 c - a scroll of blinking
 f - a scroll of brand weapon {unknown}
 i - 3 scrolls of teleportation {unknown}
 j - a scroll of immolation {unknown}
 m - a scroll of fear {unknown}
 n - a scroll of poison {unknown}
 p - a scroll of enchant weapon {unknown}
Potions
 k - a potion of ambrosia {unknown}
 l - 2 potions of resistance {unknown}
 o - a potion of brilliance {unknown}
 q - a potion of mutation {unknown}
 r - a potion of cancellation {unknown}


   Skills:
 * Level 2.8 Fighting
 - Level 2.3 Polearms
 - Level 1.0 Throwing
 - Level 1.4 Armour
 + Level 2.2 Dodging
 + Level 2.4 Spellcasting
 + Level 2.9 Translocations
 * Level 0.5 Shapeshifting


You had 3 spell levels left.
You knew the following spells:

 Your Spells              Type           Power      Damage    Failure   Level
a - Blink                 Tloc           18%        N/A       12%         2
b - Lesser Beckoning      Tloc           18%        N/A       12%         2

Your spell library contained the following spells:

 Spells                   Type           Power      Damage    Failure   Level
 Gell's Gravitas          Tloc           9%         N/A       24%         3
 Teleport Other           Tloc           9%         N/A       24%         3
 Freeze                   Ice            4%         1d3       26%         1
 Cigotuvi's Dreadful Rot  Necr/Alch/Air  2%         N/A       38%         2
 Frozen Ramparts          Ice            2%         1d1       63%         3
 Hailstorm                Conj/Ice       1%         3d5       63%         3
 Manifold Assault         Tloc           9%         N/A       63%         4
 Vhi's Electric Charge    Tloc/Air       10%        N/A       83%         4
 Ignite Poison            Fire/Alch      1%         N/A       95%         4
 Freezing Cloud           Conj/Ice/Air   0%         6-21      100%        5


Dungeon Overview and Level Annotations

Branches:
Dungeon (3/15)

Altars:

Shops:
D:2 *

Annotations:
D:3 Terence


Innate Abilities, Weirdness & Mutations

You have large cloven feet.
Your demonic aura sometimes causes spilled blood to erupt in flames.
Spells you cast may paralyse adjacent enemies.


Message History

The gnoll barely misses you. The gnoll hits you but does no damage.
You hit the gnoll but do no damage.
The gnoll is heavily wounded.
The gnoll barely misses you. x2
Cast which spell? (? or * to list)
You blink.
Malevolent energies surge around you.
Terence the Incautious comes into view.
He is wielding a +3 mace and wearing a +2 ring mail of fire resistance.
Terence shouts!
Casting: Blink (safe; 12% risk of failure)
Confirm with . or Enter, or press ? or * to list all spells.
Aiming: Lesser Beckoning (safe; 12% risk of failure)
Press: ? - help, Shift-Dir - straight line, f - gnoll
Aim: a gnoll, wielding a +0 flail (heavily wounded, 100% to hit)
The gnoll hurls suddenly forward!
Malevolent energies surge around you.
The gnoll suddenly stops moving!
The helpless gnoll fails to defend itself.
You hit the gnoll.
The gnoll is severely wounded.
The helpless gnoll fails to defend itself.
You hit the gnoll but do no damage. You kick the gnoll, but do no damage.
The gnoll is severely wounded.
The gnoll is no longer paralysed.
The gnoll closely misses you.
A kobold comes into view. It is wielding a +0 club.
You feel ready to blink again.
You barely miss the gnoll. Your kick misses the gnoll.
The gnoll is severely wounded.
The gnoll barely misses you. The gnoll closely misses you.
You barely miss the gnoll.
The gnoll is severely wounded.
The gnoll hits you with a +0 flail.
The gnoll hits you from afar with a +0 spear.
* * * LOW HITPOINT WARNING * * *
Terence hits you with a +3 mace.
* * * LOW HITPOINT WARNING * * *
Casting: Lesser Beckoning (safe; 12% risk of failure)
Confirm with . or Enter, or press ? or * to list all spells.
You blink.
Malevolent energies surge around you.
The kobold suddenly stops moving!
Terence hits you with a +3 mace.
You die...
Terence says, "Rest in peace."

#.# #.# #g# #.# #.#
..#####.####### .
...........K@g#
....#######.#..@#.#
.........)).#...#g#
....#######.......#
. .#######.#...###
.............#
########.....#
########.....#
.............#
#########...####


You could see Terence, a gnoll and a kobold (paralysed).

Vanquished Creatures
  An adder (D:3)
  2 gnolls (D:3)
  3 ribbon worms (D:2)
  2 dart slugs
  3 ball pythons
  4 bats
  3 endoplasms
  2 giant cockroaches
  5 goblins
  4 hobgoblins
  6 jackals
  6 kobolds
  2 quokkas (D:1)
  2 frilled lizards
  4 rats
49 creatures vanquished.

Notes
Turn   | Place    | Note
-------+----------+-------------------------------------------
     0 | D:1      | javelincjr the Demonspawn Warper began the quest for the
                  | Orb.
     0 | D:1      | Reached XP level 1. HP: 16/16 MP: 3/3
    72 | D:1      | Reached skill level 1 in Throwing
    72 | D:1      | Reached skill level 1 in Armour
    89 | D:1      | Gained mutation: Your demonic aura sometimes causes spilled
                  | blood to erupt in flames. [demonic ancestry]
    89 | D:1      | Reached XP level 2. HP: 19/22 MP: 5/5
    92 | D:1      | Learned a level 2 spell: Blink
    95 | D:1      | Learned a level 2 spell: Lesser Beckoning
   863 | D:1      | Gained mutation: Spells you cast may paralyse adjacent
                  | enemies. [demonic ancestry]
   863 | D:1      | Reached XP level 3. HP: 16/28 MP: 4/6
  1321 | D:2      | Upgraded the game from 0.32-a0-612-g1c984fe9d1 to
                  | 0.32-a0-616-g9348d4545b
  1412 | D:2      | Found Gomi's Assorted Antiques.
  1417 | D:2      | Bought a ruby potion for 18 gold pieces
  1417 | D:2      | Bought a scroll labelled ECATEGI FOICW for 20 gold pieces
  1417 | D:2      | Bought a brown potion for 18 gold pieces
  1417 | D:2      | Bought a scroll labelled ETUOG FA TICE for 20 gold pieces
  1661 | D:3      | Gained mutation: You have large cloven feet. [demonic
                  | ancestry]
  1661 | D:3      | Reached XP level 4. HP: 26/34 MP: 7/7
  1729 | D:3      | Noticed Terence
  1739 | D:3      | Slain by Terence

Illustrated notes

Levels and vault maps discovered:
D:1:      lemuel_arrival_behind_the_door_large, layout_loops_ring
D:2:      layout_basic, serial_shops, shop
D:3:      layout_basic, mainiacjoe_overflow_small_starburst,
          cheibrodos_sewer_entry_sluice, uniq_terence

Skill      XL: |  1  2 |
---------------+-------+-----
Throwing       | 1 |  1.0
Armour         | 1 |  1.4
Polearms       | 2 |  2.3
Dodging        | 2 |  2.2
Fighting       | |  2.8
Spellcasting   | |  2.4
Translocations | |  2.9
Shapeshifting  | |  0.5

Action                     |  1- 3 |  4- 6 || total
---------------------------+-------+-------++-------
  Melee: Spear             |   211 |    22 ||   233
         Kick              |       |     8 ||     8
  Throw: Dart              |     1 |       ||     1
   Cast: Blink             |     2 |     2 ||     4
         Lesser Beckoning  |     4 |     1 ||     5
   Stab: Sleeping          |     2 |       ||     2
         Paralysed         |     8 |     2 ||    10
 Armour: Leather armour    |    89 |    17 ||   106
  Dodge: Dodged            |    82 |    17 ||    99

Table legend: (Time is in decaauts)
 A = Elapsed time spent in this place.
 B = Non-inter-level travel time spent in this place.
 C = Inter-level travel time spent in this place.
 D = Time resting spent in this place.
 E = Time spent auto-exploring this place.
 F = Levels seen in this place.
 G = Mean time per level.
                   A        B        C        D        E       F      G
               +--------+--------+--------+--------+--------+-----+--------+
         Total |   1737 |   1694 |     43 |     43 |   1212 |   3 |  579.0 |
       Dungeon |   1737 |   1694 |     43 |     43 |   1212 |   3 |  579.0 |
               +--------+--------+--------+--------+--------+-----+--------+

Top non-repeatable levels by time:
     D:1: 886 daAuts
     D:2: 751 daAuts
     D:3: 99 daAuts
